 Dungeon Crawl Stone Soup version 0.30.1-11-g7821555f0a (webtiles) character file.

Game seed: 3416786138860228242

10 Martska the Insei (level 2, 0/21 HPs)
             Began as a Human Transmuter on Dec 10, 2023.
             Slain by an ufetubus (3 damage)
             ... on level 2 of the Dungeon.
             The game lasted 00:01:34 (537 turns).

Martska the Insei (Human Transmuter)                 Turns: 537, Time: 00:01:35

Health: 0/21       AC:  2    Str: 10    XL:     2   Next: 30%
Magic:  5/5        EV: 12    Int: 13    God:
Gold:   65         SH:  0    Dex: 13    Spells: 4/5 levels left

rFire   . . .        e - +0 short sword
rCold   . . .        (no shield)
rNeg    . . .        a - +0 robe
rPois   .            (no helmet)
rElec   .            (no cloak)
rCorr   .            (no gloves)
SInv    .            (no boots)
Will    .....        d - amulet of regeneration
Stlth   +            (no ring)
HPRegen 1.03/turn    (no ring)
MPRegen 0.09/turn

%: no passive effects
@: no status effects
A: no striking features
a: no special abilities


You were on level 2 of the Dungeon.
You visited 1 branch of the dungeon, and saw 2 of its levels.

You collected 65 gold pieces.

Inventory:

Hand Weapons
 e - a +0 short sword (weapon)
Armour
 a - a +0 robe (worn)
 f - an orb of light
Jewellery
 d - an amulet of regeneration (around neck)
Potions
 b - a potion of lignification
 c - a potion of curing {unknown}


   Skills:
 * Level 1.2 Fighting
 * Level 2.1 Dodging
 * Level 3.1 Unarmed Combat
 * Level 2.1 Spellcasting
 * Level 2.1 Transmutations


You had 4 spell levels left.
You knew the following spells:

 Your Spells              Type           Power      Damage    Failure   Level
a - Beastly Appendage     Tmut           14%        N/A       11%         1

Your spell library contained the following spells:

 Spells                   Type           Power      Damage    Failure   Level
 Wereblood                Tmut           7%         N/A       16%         2
 Spider Form              Tmut/Pois      4%         N/A       43%         3
 Ice Form                 Ice/Tmut       4%         N/A       85%         4


Dungeon Overview and Level Annotations

Branches:
Dungeon (2/15)

Altars:


Message History

A goblin is nearby!
An ufetubus comes into view.
Found a dagger.
The ufetubus shouts!
There are monsters nearby!
An endoplasm comes into view.
The endoplasm quivers.
You hit the ufetubus but do no damage. The ufetubus hits you. x2
The ufetubus barely misses you. The ufetubus hits you.
You hit the ufetubus but do no damage. Your punch misses the ufetubus.
The ufetubus misses you. The ufetubus hits you.
You are too injured to fight recklessly!
You are too injured to fight recklessly!
You are too injured to fight recklessly!
You are too injured to fight recklessly!
You are too injured to fight recklessly!
You are too injured to fight recklessly!
You are too injured to fight recklessly!
You are too injured to fight recklessly!
You are too injured to fight recklessly!
You are too injured to fight recklessly!
You are too injured to fight recklessly!
You are too injured to fight recklessly!
You are too injured to fight recklessly!
You are too injured to fight recklessly!
The ufetubus hits you. x2
* * * LOW HITPOINT WARNING * * *
The ufetubus attacks as you move away! The ufetubus hits you.
* * * LOW HITPOINT WARNING * * *
The ufetubus hits you.
* * * LOW HITPOINT WARNING * * *
The ufetubus closely misses you. The ufetubus hits you.
* * * LOW HITPOINT WARNING * * *
The endoplasm attacks as you move away! The endoplasm misses you.
The ufetubus attacks as you move away! The ufetubus barely misses you.
The ufetubus hits you but does no damage.
The ufetubus hits you.
* * * LOW HITPOINT WARNING * * *
The ufetubus hits you.
You die...

# .... ... . #
#. ... #.#
.##.# #.. ..
#.##....# ....
#. #..?.#
#..#.#.##..#
#..........#
#..........#
#..........####
#...>.....J5@.#
#.........###.#
#############.#
#.....##.#
#.###.##[#
#.##...#.#
#........#
######.### #.#


You could see an ufetubus and an endoplasm.

Vanquished Creatures
  A bat (D:1)
  An endoplasm (D:2)
  A goblin (D:1)
  A hobgoblin (D:1)
  2 kobolds (D:1)
  A quokka (D:1)
  A ball python (D:1)
  A frilled lizard (D:1)
9 creatures vanquished.

Notes
Turn   | Place    | Note
-------+----------+-------------------------------------------
     0 | D:1      | Martska the Human Transmuter began the quest for the Orb.
     0 | D:1      | Reached XP level 1. HP: 15/15 MP: 3/3
   311 | D:1      | Reached XP level 2. HP: 21/21 MP: 5/5
   537 | D:2      | Slain by an ufetubus

Illustrated notes

Levels and vault maps discovered:
D:1:      dpeg_arrival_castle, layout_rooms, minmay_pentomino_v2
D:2:      layout_basic, basic_altar, minmay_snake_closets, uniq_jessica,
          uniq_sigmund

Action                     || total
---------------------------++-------
  Melee: Short sword       ||    39
         Unarmed           ||     7
         Punch             ||     1
   Stab: Sleeping          ||     2
 Armour: Robe              ||    13
  Dodge: Dodged            ||    34
